 Dungeon Crawl Stone Soup version 0.18-a0-455-gc7d4c65 (webtiles) character file.

95 M4edhros the Charlatan (level 4, -6/28 HPs)
             Began as an Octopode Artificer on Dec 2, 2015.
             Killed from afar by an orc wizard (9 damage)
             ... with a magic dart
             ... on level 3 of the Dungeon.
             The game lasted 00:03:01 (1006 turns).

M4edhros the Charlatan (Octopode Artificer)         Turns: 1006, Time: 00:03:02

Health: -6/28      AC:  1    Str: 10    XL:     4   Next: 66%
Magic:  7/7        EV: 11    Int: 15    God:
Gold:   157        SH:  3    Dex: 12    Spells: 0 memorised, 3 levels left

rFire  . . .     SeeInvis .     o - -2 spear (curse)
rCold  . . .     Clarity  .     f - +0 buckler
rNeg   . . .     SustAt   .     (helmet restricted)
rPois  .         Gourm    .     (no amulet)
rElec  .         Spirit   .     (no ring)
rCorr  .         Dsmss    .     (no ring)
rMut   .         Stasis   .     (no ring)
MR     .....                    (no ring)
Stlth  ++++......               (no ring)
                                (no ring)
                                (no ring)
                                (no ring)

@: very slightly contaminated, not resistant to hostile enchantments, stealthy
A: almost no armour, amphibious, 8 rings, constrict 8, camouflage 1, breathe
flames 1, gelatinous body 1, evolution 1
a: Breathe Fire


You were on level 3 of the Dungeon.
You were not hungry.

You visited 1 branch of the dungeon, and saw 3 of its levels.

You collected 157 gold pieces.

Inventory:

Hand Weapons
 a - a +0 short sword
 o - a cursed -2 spear (weapon)
Missiles
 g - 5 curare-tipped needles
 h - 46 stones (quivered)
Armour
 f - a +0 buckler (worn)
Wands
 b - a wand of flame (12)
 c - a wand of enslavement (11)
 d - a wand of random effects (13)
Scrolls
 j - a scroll of identify
 l - 2 scrolls of blinking
 m - 3 scrolls of teleportation {unknown}
 n - a scroll of remove curse {unknown}
 p - a scroll of fear {unknown}
Potions
 i - a potion of resistance
Comestibles
 e - 3 bread rations
 k - 5 fruits


   Skills:
 - Level 1.0 Fighting
 - Level 1.0 Short Blades
 - Level 2.0 Dodging
 + Level 4.0 Stealth
 + Level 4.9 Evocations


You had 3 spell levels left.
You didn't know any spells.

Dungeon Overview and Level Annotations

Branches:
Dungeon (3/15)

Altars:
Gozag

Annotations:
D:3 M4edhros's ghost, weakling OpAr


Innate Abilities, Weirdness & Mutations

You cannot wear most types of armour.
You are amphibious.
You can wear up to eight rings at the same time.
You can use your tentacles to constrict eight enemies at once.
Your skin changes colour to match your surroundings (Stealth).
Your rubbery body absorbs attacks (AC +1).
You can breathe flames.
You evolve.


Message History

Press: ? - help, Shift-Dir - straight line, f/p - kobold
Aim: a kobold, wielding a short sword (lightly wounded)
The puff of flame hits the giant newt.
You kill the giant newt!
This wand has 14 charges left.
Evoke which item? (* to show all) (? for menu, Esc to quit)
Zapping:
b - a wand of flame (14)
Press: ? - help, Shift-Dir - straight line, f/p - kobold
Aim: a kobold, wielding a short sword (lightly wounded)
The puff of flame misses the kobold.
This wand has 13 charges left.
Evoke which item? (* to show all) (? for menu, Esc to quit)
Zapping:
b - a wand of flame (13)
Press: ? - help, Shift-Dir - straight line, f/p - kobold
Aim: a kobold, wielding a short sword (lightly wounded)
The puff of flame hits the kobold.
You kill the kobold!
This wand has 12 charges left.
The orc wizard casts a spell at you. The magic dart hits you!
You die...

#... #.....#
..........#####.....##o##..#
............ .........# .#
.?......... ......##.# #
.(........# #.... #.# .#
..........## #.#.####.##..#.#
....>......# #.#.............
..........o####...†###†.......
.# #....g..)...@...........#.
l####.#.....K##)...######..##
K)....##.###.##.#.## .....
#####....# #.##.#.##### ###.
#####.##.###.##.†......
..........((......#####
###################


You could see an orc wizard, a goblin and a kobold.

Vanquished Creatures
  Natasha (twice) (D:3)
  An adder (D:3)
  An orc (D:3)
  2 giant cockroaches (D:1)
  6 hobgoblins
  4 jackals
  3 bats
  3 giant newts
  6 goblins
  5 kobolds
  A quokka (D:3)
  7 rats
41 creatures vanquished.

Vanquished Creatures (collateral kills)
  3 orcs (D:3)
3 creatures vanquished.

Vanquished Creatures (others)
  An orc priest (D:3)
  2 orc wizards (D:3)
  A goblin (D:3)
4 creatures vanquished.

Grand Total: 48 creatures vanquished

Notes
Turn   | Place    | Note
--------------------------------------------------------------
     0 | D:1      | M4edhros the Octopode Artificer began the quest for the Orb.
     0 | D:1      | Reached XP level 1. HP: 13/13 MP: 3/3
   102 | D:1      | Reached XP level 2. HP: 13/18 MP: 4/4
   191 | D:1      | Reached skill level 4 in Evocations
   317 | D:1      | Reached XP level 3. HP: 15/23 MP: 6/6
   443 | D:2      | Gained mutation: You can breathe flames. [potion of mutation]
   443 | D:2      | Gained mutation: You evolve. [potion of mutation]
   475 | D:2      | Found an opulent altar of Gozag.
   778 | D:3      | Noticed M4edhros's ghost (weakling OpAr)
   879 | D:3      | Noticed Natasha
   892 | D:3      | Killed Natasha
   892 | D:3      | Reached XP level 4. HP: 15/28 MP: 7/7
   945 | D:3      | Noticed Natasha
   962 | D:3      | Killed Natasha
   988 | D:3      | HP: 1/28 [giant newt (1)]
  1006 | D:3      | Killed from afar by an orc wizard

Vault maps used:
D:1:      onia_arrival_larder, ashenzari_altar_1
D:2:      nicolae_gozag_seed_capital, first_bread
D:3:      lemuel_coloured_pillars_altar, uniq_natasha

Action                   |  1- 3 |  4- 6 || total
-------------------------+-------+-------++-------
Melee: Short sword       |    73 |       ||    73
       Spear             |    10 |    11 ||    21
Evoke: Wand              |     1 |     8 ||     9
  Use: Potion            |     4 |       ||     4
       Scroll            |       |     2 ||     2
 Stab: Sleeping          |     6 |     1 ||     7
